 Dungeon Crawl Stone Soup version 0.31-a0-851-g7ff8af7976 (webtiles) character file.

Game seed: 10616675579971928534

3711 lunkers the Grappler (level 10, -5/78 HPs)
             Began as a Meteoran Shapeshifter on Oct 4, 2023.
             Was a Believer of Makhleb.
             Killed by divine providence
             ... invoked by a smoke demon
             ... summoned by a kobold demonologist
              (14 damage)
             ... on level 9 of the Dungeon on Oct 5, 2023.
             The game lasted 00:09:57 (3740 turns).

lunkers the Grappler (Meteoran Shapeshifter)        Turns: 3740, Time: 00:09:58

Health: -5/78      AC: 17    Str: 18    XL:     10   Next: 62%
Magic:  14/14      EV: 12    Int: 12    God:    Makhleb [**....]
Gold:   422        SH:  0    Dex: 22    Spells: 9/9 levels left

rFire   . .          .
                       - Unarmed
rCold   + . .        (shield currently unavailable)
rNeg    . . .        y - +7 Kryia's mail coat {PotionHeal*2 rC+}
rPois   .            w - +1 helmet
rElec   .            f - +0 cloak
rCorr   .            B - +0 pair of gloves
SInv    .            (no boots)
Will    +....        (no amulet) Stlth
                     r - +6 ring of dexterity
HPRegen 0.33/turn    (no ring)
MPRegen 0.14/turn

%: no passive effects
@: flux-form, glowing
A: glow, contaminating, sense surroundings 2, otherworldly, glowing, explore
regen
a: Begin Untransformation, Renounce Religion, Minor Destruction


You were on level 9 of the Dungeon.
You worshipped Makhleb.
Makhleb was pleased with you.
You were something dangerously unstable.
You visited 1 branch of the dungeon, and saw 9 of its levels.

You collected 422 gold pieces.

Inventory:

Armour
 a - the +4 ring mail "Kul Uni" {rF- rCorr Dex+5}
   (You found it on level 5 of the Dungeon)

   Dex+5:     It affects your dexterity (+5).
   rF-:       It makes you vulnerable to fire.
   rCorr:     It protects you from acid and corrosion.
 f - a +0 cloak (worn)
 h - a +0 scale mail
 w - a +1 helmet (worn)
 y - the +7 Kryia's mail coat (worn) {PotionHeal*2 rC+}
   (You took it off an orc on level 5 of the Dungeon)

   PotionHeal*2: Potions heal its wearer twice as much.
   rC+:       It protects you from cold.
 B - a +0 pair of gloves (worn)
Jewellery
 r - a +6 ring of dexterity (left hand)
Talismans
 c - a beast talisman
 d - a flux talisman (active)
Wands
 t - a wand of polymorph (8)
 v - a wand of roots (3)
 A - a wand of light (4)
Scrolls
 l - 2 scrolls of fog {unknown}
 m - a scroll of noise {unknown}
 n - 6 scrolls of identify
 p - a scroll of enchant armour
 q - a scroll of revelation {unknown}
 s - a scroll of blinking {unknown}
 u - 2 scrolls of amnesia {unknown}
 x - a scroll of acquirement {unknown}
Potions
 b - 2 potions of lignification
 e - 2 potions of cancellation
 g - 3 potions of curing {unknown}
 i - a potion of ambrosia {unknown}
 j - a potion of berserk rage {unknown}
 k - 2 potions of might {unknown}
 o - 2 potions of haste {unknown}
 z - 2 potions of degeneration {unknown}


   Skills:
 + Level 3.7 Fighting
 + Level 4.2 Dodging
 * Level 13.0 Unarmed Combat
 + Level 4.1 Invocations
 + Level 9.0 Shapeshifting


You had 9 spell levels left.
You didn't know any spells.
Your spell library contained the following spells:

 Spells                   Type           Power      Damage    Failure   Level
 Sandblast                Erth           0%         2d4       75%         1
 Summon Small Mammal      Summ           0%         N/A       75%         1
 Blink                    Tloc           0%         N/A       86%         2
 Passwall                 Tmut/Erth      0%         N/A       86%         2
 Call Canine Familiar     Summ           0%         N/A       98%         3
 Sigil of Binding         Hex            0%         N/A       98%         3
 Stone Arrow              Conj/Erth      0%         3d7       98%         3
 Summon Guardian Golem    Hex/Summ       0%         N/A       98%         3
 Brom's Barrelling Bould  Conj/Erth      0%         2d3       100%        4
 Dimensional Bullseye     Hex/Tloc       0%         N/A       100%        4
 Leda's Liquefaction      Hex/Erth       0%         N/A       100%        4
 Manifold Assault         Tloc           0%         N/A       100%        4


Dungeon Overview and Level Annotations

Branches:
Dungeon (9/15) Zot: 1712     Lair (0/5) D:9
 Temple: D:4-7          Orc: D:9-12

Altars:
Kikubaaqudgha
Makhleb
Uskayaw

Shops:
D:8 !


Innate Abilities, Weirdness & Mutations

You are something dangerously unstable.
You glow with magical radiation, making you easy to see and hit.
Foes you strike become dangerously contaminated with magical radiation.
You are incapable of wielding weapons or throwing items.
You passively map the area around you.
You are easily found by Zot.
You glow in the dark.
You regain HP and MP as you explore.


Message History

The ice beast attacks as it pursues you!
The ice beast hits you but does no damage.
You hit the ice beast.
The ice beast begins to glow.
The ice beast is lightly wounded.
A kobold comes into view. It is wielding a +0 club.
The ice beast hits you but does no damage.
You hit the ice beast but do no damage.
The ice beast glows dangerously bright.
The ice beast is lightly wounded.
The kobold demonologist gestures wildly while chanting.
The ice beast hits you but does no damage.
You hear a shout!
You hit the ice beast but do no damage.
The ice beast shudders as magic cascades through it!
The ice beast twists and deforms.
The ice beast is severely wounded.
The red devil disappears in a puff of smoke!
A kobold demonologist comes into view. It is wielding a +0 dagger.
The kobold demonologist gestures wildly while chanting.
The ice beast hits you.
* * * LOW HITPOINT WARNING * * *
The ice beast freezes you. You resist.
* * * LOW HITPOINT WARNING * * *
As you read the scroll labelled FYM QANOARPHOMO, it crumbles to dust.
It is a scroll of identify.
e - 2 potions of cancellation The wyvern barely misses you.
The kobold demonologist casts a spell.
The smoke demon gestures at you. Something smites you!
* * * LOW HITPOINT WARNING * * *
The ice beast hits you but does no damage.
As you read the scroll labelled BOUNTILOMN, it crumbles to dust.
It is a scroll of enchant armour.
Your +0 helmet glows green for a moment.
The wyvern bites you!
* * * LOW HITPOINT WARNING * * *
The wyvern bites you but does no damage.
The ice beast barely misses you. The smoke demon gestures at you.
Something smites you!
You die...

, *
##*,#............
,,,, ,, ,,, ..
............. , ,,,
,,,,
.###....#..%.... * ,
*#............... *
*
*###ยง..............
#c.o..4.Y.........
#oD#D##....D..#...
#Y##.K#......###..
#p###..Y.....# ##O
##5lKK..o.....# #Y *
#..4KK.K>..$..####.
#.##3..#..#.........
.# #.....##.........
* ##
#......#..........
*................#..
####.......<...3#..(
#.................


You could see 3 kobold demonologists, a smoke demon (summoned), a chaos spawn
(summoned), a wyvern, an acid dragon, an ice beast (misshapen), a centaur, an
orc wizard, a shadow imp (summoned), 2 orcs and 2 kobolds.

Vanquished Creatures
  A two-headed ogre (D:9)
  Pikel (D:7)
  4 yaks (D:8)
  3 water moccasins
  Duvessa (D:6)
  An orc warrior (D:6)
  A black bear (D:6)
  2 sky beasts
  An ogre (D:4)
  3 lemures (D:7)
  A phantom (D:5)
  3 bullfrogs
  4 wights (D:6)
  Dowan (D:6)
  5 killer bees (D:8)
  A howler monkey (D:6)
  3 hounds
  4 orc priests
  2 iguanas (D:6)
  4 orc wizards
  An adder (D:6)
  3 gnolls (D:4)
  2 white imps
  2 ufetubi (D:6)
  2 worms (D:2)
  3 dart slugs
  17 orcs
  A bat (D:1)
  An endoplasm (D:2)
  4 giant cockroaches
  4 goblins
  5 hobgoblins
  2 quokkas
  5 ball pythons
  A frilled lizard (D:2)
  2 kobolds
  2 rats
103 creatures vanquished.

Notes
Turn   | Place    | Note
-------+----------+-------------------------------------------
     0 | D:1      | lunkers the Meteoran Shapeshifter began the quest for the
                  | Orb.
     0 | D:1      | Reached XP level 1. HP: 16/16 MP: 2/2
    77 | D:1      | Reached XP level 2. HP: 14/23 MP: 3/3
    96 | D:1      | Reached skill level 4 in Unarmed Combat
   461 | D:2      | Reached XP level 3. HP: 23/28 MP: 4/4
   819 | D:3      | Found a hide-covered altar of Uskayaw.
  1151 | D:3      | Reached XP level 4. HP: 34/35 MP: 5/5
  1288 | D:4      | Found an ancient bone altar of Kikubaaqudgha.
  1353 | D:4      | Reached skill level 5 in Unarmed Combat
  1364 | D:4      | Found a burning altar of Makhleb.
  1371 | D:4      | Became a worshipper of Makhleb the Destroyer
  1450 | D:4      | Noticed an ogre
  1455 | D:4      | Killed an ogre
  1456 | D:4      | Reached skill level 6 in Unarmed Combat
  1456 | D:4      | Reached XP level 5. HP: 35/40 MP: 6/6
  1456 | D:4      | Reached XP level 6. HP: 42/47 MP: 7/7
  1502 | D:5      | Entered Level 5 of the Dungeon
  1511 | D:5      | Reached skill level 5 in Shapeshifting
  1543 | D:5      | Identified the +4 ring mail "Kul Uni" {rF- rCorr Dex+5}
  1645 | D:5      | Reached skill level 7 in Unarmed Combat
  1806 | D:5      | Reached XP level 7. HP: 29/52 MP: 8/8
  1849 | D:5      | Noticed a water moccasin
  1854 | D:5      | Killed a water moccasin
  1947 | D:6      | Reached skill level 8 in Unarmed Combat
  1952 | D:6      | Noticed Dowan
  1955 | D:6      | Noticed Duvessa
  1968 | D:6      | Killed Duvessa
  1969 | D:6      | Reached XP level 8. HP: 20/59 MP: 9/9
  1977 | D:6      | Killed Dowan
  2029 | D:6      | Reached * piety under Makhleb
  2053 | D:6      | Reached skill level 9 in Unarmed Combat
  2194 | D:6      | Reached skill level 10 in Unarmed Combat
  2199 | D:6      | Gained mutation: You passively map the area around you.
                  | [Meteoran growth]
  2199 | D:6      | Reached XP level 9. HP: 9/64 MP: 10/10
  3026 | D:7      | Noticed Pikel
  3039 | D:7      | Killed Pikel
  3040 | D:7      | Reached skill level 11 in Unarmed Combat
  3318 | D:8      | Reached skill level 1 in Invocations
  3319 | D:8      | Reached skill level 12 in Unarmed Combat
  3458 | D:8      | Reached ** piety under Makhleb
  3497 | D:8      | Reached XP level 10. HP: 69/73 MP: 12/12
  3537 | D:8      | Upgraded the game from 0.31-a0-848-gaac375c287 to
                  | 0.31-a0-851-g7ff8af7976
  3553 | D:8      | Found Dashrik's Distillery.
  3706 | D:9      | Noticed a two-headed ogre
  3717 | D:9      | Noticed a kobold demonologist
  3719 | D:9      | Noticed a sun demon
  3730 | D:9      | Noticed a kobold demonologist
  3732 | D:9      | Killed a two-headed ogre
  3733 | D:9      | Reached skill level 13 in Unarmed Combat
  3734 | D:9      | Noticed a kobold demonologist
  3738 | D:9      | Noticed a kobold demonologist
  3739 | D:9      | Noticed a smoke demon
  3740 | D:9      | Killed from afar by a smoke demon

Illustrated notes

Levels and vault maps discovered:
D:1:      dpeg_arrival_round_b, layout_loops_ring
D:2:      layout_rooms, serial_park_tiny_pond
D:3:      layout_loops_corners, nicolae_uskayaw_murder_on_the_dancefloor,
          chequers_avenue
D:4:      wad_lake_hut, layout_rooms, amcnicky_altar_gilded,
          lightli_temple_of_fire
D:5:      layout_basic, serial_bayou, serial_bayou_shore_a, serial_bayou_ford_a,
          serial_bayou_pond_e, serial_bayou_pond_c, grunt_decor_resistance
D:6:      layout_cave_pods, corexii_item_surrounded_by_moat, uniq_duvessa
D:7:      layout_gridville, temple_hall, chequers_serial_rivers_micro_d,
          uniq_pikel
D:8:      layout_loops_cross, serial_shops, nicolae_square_shop
D:9:      layout_layer_cave, hellmonk_lair_entry_icy, uniq_erolcha

Skill      XL: |  1  2  3  4  5  6  7  8  9 10 |
---------------+-------------------------------+-----
Unarmed Combat | 4 6 7 8 10 12 13 | 13.0
Shapeshifting  | 4 5 6 7 8 9 |  9.0
Invocations    | 1 4 |  4.1
Fighting       | 2 3 |  3.7
Dodging        | 4 |  4.2

Action                     |  1- 3 |  4- 6 |  7- 9 | 10-12 || total
---------------------------+-------+-------+-------+-------++-------
  Melee: Unarmed           |    69 |    68 |   174 |    53 ||   364
         Punch             |       |     1 |       |       ||     1
  Evoke: Wand              |       |       |     2 |       ||     2
    Use: Potion            |       |       |     1 |       ||     1
         Scroll            |       |       |     1 |     2 ||     3
 Armour: Animal skin       |    13 |       |       |       ||    13
         Scale mail        |    26 |    30 |   125 |    51 ||   232
         Skin              |       |       |    15 |       ||    15
  Dodge: Dodged            |    25 |    25 |    66 |    32 ||   148
   Form: Flux              |       |     1 |       |       ||     1

Table legend: (Time is in decaauts)
 A = Elapsed time spent in this place.
 B = Non-inter-level travel time spent in this place.
 C = Inter-level travel time spent in this place.
 D = Time resting spent in this place.
 E = Time spent auto-exploring this place.
 F = Levels seen in this place.
 G = Mean time per level.
                   A        B        C        D        E       F      G
               +--------+--------+--------+--------+--------+-----+--------+
         Total |   3686 |   3421 |    265 |     35 |   2485 |   9 |  409.6 |
       Dungeon |   3686 |   3421 |    265 |     35 |   2485 |   9 |  409.6 |
               +--------+--------+--------+--------+--------+-----+--------+

Top non-repeatable levels by time:
     D:6: 723 daAuts
     D:7: 675 daAuts
     D:3: 460 daAuts
     D:1: 429 daAuts
     D:8: 381 daAuts
     D:5: 380 daAuts
     D:2: 366 daAuts
     D:4: 237 daAuts
     D:9: 31 daAuts
